 Dungeon Crawl Stone Soup version 0.28.0-43-g3370ac3207 (webtiles) character file.

Game seed: 4558211827104303295

14 rel the Conjurer (level 2, 18/18 HPs)
             Began as an Octopode Conjurer on Mar 21, 2022.
             Quit the game on level 1 of the Dungeon.
             The game lasted 00:01:38 (440 turns).

rel the Conjurer (Octopode Conjurer)                 Turns: 440, Time: 00:01:38

Health: 18/18      AC:  1    Str:  6    XL:     2   Next: 45%
Magic:  5/5        EV: 13    Int: 20    God:
Gold:   15         SH:  0    Dex: 10    Spells: 4/5 levels left

rFire   . . .      SeeInvis .   (no weapon)
rCold   . . .      Faith    .   (no shield)
rNeg    . . .      Spirit   .   (helmet restricted)
rPois   .          Reflect  .   (no amulet)
rElec   .          Harm     .   (no ring)
rCorr   .          Rampage  .   (no ring)
Will    .....                   (no ring)
Stlth   +++.......              (no ring)
HPRegen 0.06/turn               (no ring)
MPRegen 0.09/turn               (no ring)
                                (no ring)
                                (no ring)

@: no status effects
A: almost no armour, amphibious, 8 rings, camouflage 1, gelatinous body 1,
(nimble swimmer 1), tentacles
a: no special abilities


You were on level 1 of the Dungeon.
You visited 1 branch of the dungeon, and saw 1 of its levels.

You collected 15 gold pieces.

Inventory:

Scrolls
 b - a scroll of identify {unknown}
Potions
 a - 3 potions of invisibility {unknown}


   Skills:
 + Level 0.4 Fighting
 + Level 2.0 Dodging
 + Level 2.6 Stealth
 + Level 0.4 Unarmed Combat
 + Level 2.0 Spellcasting
 + Level 4.4 Conjurations


You had 4 spell levels left.
You knew the following spells:

 Your Spells              Type           Power      Damage    Failure   Level
a - Magic Dart            Conj           76%        1d6       2%          1

Your spell library contained the following spells:

 Spells                   Type           Power      Damage    Failure   Level
 Searing Ray              Conj           38%        2d5       3%          2
 Sting                    Tmut/Pois      8%         1d3       16%         1
 Dazzling Flash           Conj/Hex       20%        N/A       19%         3
 Fulminant Prism          Conj/Hex       5%         3d7       54%         4
 Iskenderun's Mystic Bla  Conj/Tloc      10%        2d4       54%         4


Dungeon Overview and Level Annotations

Branches:
Dungeon (1/15)

Altars:

Shops:
D:1 (


Innate Abilities, Weirdness & Mutations

You cannot wear most types of armour.
You are amphibious.
You can wear up to eight rings at the same time.
Your skin changes colour to match your surroundings (Stealth+).
Your rubbery body absorbs attacks. (AC +1, EV +1)
((You are camouflaged when in or above water. (Stealth+)))
You have tentacles for arms and can constrict up to eight enemies at once.


Message History

A giant cockroach is nearby!
A giant cockroach is nearby!
A giant cockroach is nearby!
Found a stone staircase leading down.
Found a stone staircase leading down.
Found Plato's Papyrus of Changing.
Found a faded altar of an unknown god.
The giant cockroach evades a web.
The giant cockroach closely misses you.
You tentacle-slap the giant cockroach but do no damage.
You grab the giant cockroach. You squeeze the giant cockroach.
You kill the giant cockroach!
You pick your way through the web.
There is a web here.
You pick up Plato's Papyrus of Changing and begin reading...
You add the spell Sting to your library.
There is a faded altar of an unknown god here.
A dart slug comes into view.
A dart slug is nearby!
The dart slug barely misses you. The dart slug launches a dart at you.
The slug dart hits you.
You tentacle-slap the dart slug. You grab the dart slug.
You squeeze the dart slug!
You kill the dart slug!
You see here a dart slug corpse.
You now have 15 gold pieces (gained 5).
An endoplasm comes into view.
An endoplasm is nearby!
An endoplasm is nearby!
An endoplasm is nearby!
An endoplasm is nearby!
Found a scale mail.
An endoplasm is nearby!
An endoplasm is nearby!
An endoplasm is nearby!
An endoplasm is nearby!
Found an amethyst potion.
Save game and exit?
Welcome back, rel the Octopode Conjurer.
Press ? for a list of commands and other information.
Are you sure you want to abandon this character and quit the game? (Confirm with "yes".)

.. ###### ♣. ♣....#
♣#♣#♣#♣ .♣.♣
♣..#.###.....#
.♣.P♣♣..+...♣.♣.♣.♣
.♣P.....##.##.....#
.♣♣♣P♣......♣J♣.♣.♣
.........###....@.#
.........#..♣#♣.♣.♣
.#.#####.#.#
#..[... .#.#.....#.
#.#####.#
†#.#.##### #. #
.......... #!
..#..#...# #.
≈..#...≈.. #.
≈≈...≈≈≈≈


You could see an endoplasm (asleep).

Vanquished Creatures
  2 dart slugs (D:1)
  2 giant cockroaches (D:1)
  A goblin (D:1)
  2 hobgoblins (D:1)
  2 ball pythons (D:1)
9 creatures vanquished.

Notes
Turn   | Place    | Note
-------+----------+-------------------------------------------
     0 | D:1      | rel the Octopode Conjurer began the quest for the Orb.
     0 | D:1      | Reached XP level 1. HP: 11/11 MP: 3/3
    30 | D:1      | Found Nuf Neim's Weapon Boutique.
    49 | D:1      | Reached XP level 2. HP: 7/18 MP: 0/5
   295 | D:1      | Found a faded altar of an unknown god.
   335 | D:1      | Got Plato's Papyrus of Changing
   440 | D:1      | Quit the game

Illustrated notes

Levels and vault maps discovered:
D:1:      minmay_arrival_shoal_huts, layout_basic,
          shapermc_ecumenical_altar_rom_forum, serial_forest,
          infiniplex_forest_end_3, infiniplex_forest_lined_2,
          infiniplex_forest_clump_diagonal, infiniplex_forest_corner_1,
          infiniplex_forest_lined_room_2, infiniplex_forest_lined_3_way,
          infiniplex_forest_clump_small, infiniplex_forest_end_double,
          serial_shops, shop, nicolae_shop_hallway_stairs,
          nicolae_shop_bloodbath_and_beyond, nicolae_shop_behind_doors,
          minmay_heptomino_w4

Action                   || total
-------------------------++-------
Melee: Unarmed           ||    15
       Constrict         ||     7
       Tentacles         ||     6
 Cast: Magic Dart        ||     5
 Stab: Sleeping          ||     1
Dodge: Dodged            ||    18
